 Dungeon Crawl Stone Soup version 0.19.1 (console) character file.

49678 Kloppie the Impaler (level 14, -5/160 HPs)
             Began as a Merfolk Berserker on Nov 27, 2016.
             Was the Champion of Trog.
             Slain by an orange demon (8 damage)
             ... summoned by an orc sorcerer
             ... led by an orc high priest
             ... on level 1 of the Orcish Mines.
             The game lasted 00:31:02 (17375 turns).

Kloppie the Impaler (Merfolk Berserker)            Turns: 17375, Time: 00:31:03

Health: -5/160     AC: 11    Str: 30    XL:     14   Next: 51%
Magic:  0/14       EV: 26    Int:  8    God:    Trog [******]
Gold:   1234       SH:  0    Dex: 17    Spells: 0 memorised, 13 levels left

rFire  + + .     SeeInvis .     a - +10 glaive {flame, rPois rF+ MR++ Stlth+}
rCold  + . .     Gourm    .     R - +2 robe {rC+ rF+}
rNeg   + . .     Faith    .     (shield currently unavailable)
rPois  +         Spirit   +     q - +2 hat
rElec  .         Reflect  .     v - +2 cloak
rCorr  .         Harm     .     e - +1 pair of gloves {Str+3}
MR     +++++                    (no boots)
Stlth  ..........               g - amulet of guardian spirit
                                y - ring of Garagg {rPois MR+ Str+3 Int+2}
                                H - ring of positive energy

@: berserking (expiring), regenerating, very quick
A: change form in water, swift swim, stealthy swim, frail 1
a: Berserk, Trog's Hand, Brothers in Arms, Burn Spellbooks, Renounce Religion


You were on level 1 of the Orcish Mines.
You worshipped Trog.
Trog was exalted by your worship.
You were very hungry.

You visited 3 branches of the dungeon, and saw 18 of its levels.
You also visited: Ice Cave.

You collected 1234 gold pieces.

Inventory:

Hand Weapons
 a - the +10 glaive of the Endless March (weapon) {flame, rPois rF+ MR++ Stlth+}
   (Trog gifted it to you on level 8 of the Dungeon)

   It has been specially enchanted to burn those struck by it, causing extra
   injury to most foes and up to half again as much damage against particularly
   susceptible opponents.
   Big, fiery blades are also staple armaments of hydra-hunters.
   It protects you from fire.
   It protects you from poison.
   It affects your resistance to hostile enchantments.
   It makes you more stealthy.
 o - a +0 glaive of freezing
 M - a +4 antimagic glaive
 S - a +1 scythe of freezing
Armour
 e - a +1 pair of gloves of strength (worn)
 q - a +2 hat (worn)
 v - a +2 cloak (worn)
 J - +0 steam dragon scales
 R - a +2 robe of resistance (worn)
Jewellery
 b - an uncursed ring of protection from fire
 g - an amulet of guardian spirit (around neck)
 j - an uncursed ring of see invisible
 m - an uncursed ring of flight
 n - an uncursed amulet of regeneration
 y - the ring of Garagg (right hand) {rPois MR+ Str+3 Int+2}
   (You found it in an ice cave)

   [ring of protection from magic]

   It affects your strength (+3).
   It affects your intelligence (+2).
   It protects you from poison.
   It affects your resistance to hostile enchantments.
 H - a ring of positive energy (left hand)
Wands
 w - a wand of disintegration (18/24)
 z - a wand of lightning (8/15)
 B - a wand of teleportation (6/9)
 O - a wand of confusion (23/48)
 Q - a wand of flame (36/48)
 W - a wand of enslavement (9/24)
Scrolls
 h - a scroll of magic mapping
 i - 6 scrolls of teleportation
 t - 8 scrolls of remove curse
 x - a scroll of blinking
 A - 3 scrolls of enchant weapon
 C - 3 scrolls of enchant armour
 E - 4 scrolls of recharging
 K - a scroll of fear
 N - a scroll of fog
Potions
 d - 11 potions of curing
 f - a potion of ambrosia
 k - 4 potions of flight
 l - 2 potions of heal wounds
 p - 4 potions of agility
 r - 6 potions of cure mutation
 s - a potion of resistance
 u - 4 potions of haste
 L - 2 potions of might
Comestibles
 c - 7 bread rations
 D - 2 slices of pizza
 F - 3 beef jerkies
 G - 28 fruits
 I - 4 meat rations
 U - a royal jelly


   Skills:
 - Level 13.7 Fighting
 - Level 20.6 Polearms
 - Level 1.3 Armour
 + Level 18.1 Dodging


You had 13 spell levels left.
You didn't know any spells.

Dungeon Overview and Level Annotations

Branches:
Dungeon (12/15)            Temple (0/1) D:7            Lair (5/6) D:9
  Swamp (0/4) Lair:3       Spider (0/4) Lair:3          Orc (1/2) D:12
  Slime: Lair:5-6

Altars:
Ashenzari
Fedhas
Gozag
Makhleb
Qazlal
Sif Muna
Vehumet
Yredelemnul
Zin

Shops:
D:5 [   D:7 }

Annotations:
D:4 1 runed door


Innate Abilities, Weirdness & Mutations

You revert to your normal form in water.
You are very nimble and swift while swimming.
You are very stealthy in the water. (Stealth+)
You are frail. (-10% HP)


Message History

Trog appreciates your killing of a magic user.
Your Dodging skill increases to level 18!
You hear a shout!
The orange demon barely misses you. The red devil closely misses you.
You slash the orc sorcerer! You burn the orc sorcerer.
The orc sorcerer is heavily wounded.
The orc priest closely misses you. The orc sorcerer misses you.
The orange demon completely misses you. The orange demon misses you.
You closely miss the orc sorcerer.
The orc sorcerer is heavily wounded.
The orc warrior misses you.
The orc high priest utters an invocation to Beogh.
The orange demon misses you.
You slash the orc sorcerer! You burn the orc sorcerer.
The orc sorcerer is almost dead.
The orc priest closely misses you.
The red devil hits you from afar with a trident!
* * * LOW HITPOINT WARNING * * *
The orc sorcerer barely misses you. The orange demon stings you!
You die...

.........<...#...
......#.......$$#
#.....)......... .
##.......>(.....
#.#.......[(.#$..#
........)).)..$.##
........)44h...$.#
........o4oo3.....
.#.....o@[.#....#
#...).....#...##
................#
#.........#......#
##...........##.##
##...#.....#.# #
###...........
.....#..#...
##.#......#.


You could see an orc high priest, 2 orange demons, a smoke demon, a warg, an orc
sorcerer, a red devil, an orc warrior and an orc priest.

Vanquished Creatures
  Gastronok (Orc:1)
  Azrael (D:12)
  Harold (D:11)
  Erolcha (D:9)
  4 hydras
  A death yak (D:8)
  Nergalle (D:10)
  The ghost of Kloppie the Spear-Bearer, a novice MfBe of Trog (D:7)
  An unseen horror (D:12)
  3 skeletal warriors (D:8)
  2 hill giants
  An orb spider (Lair:3)
  An orc sorcerer (Orc:1)
  A manticore (D:11)
  2 ugly things (D:12)
  3 elephants (Lair:4)
  Joseph (D:9)
  3 black mambas
  8 spiny frogs
  Psyche (D:9)
  2 ice statues (IceCv)
  A kobold demonologist (D:12)
  A centaur skeleton (D:11)
  2 rime drakes
  6 komodo dragons
  8 ice devils (IceCv)
  2 polar bears
  A troll (D:11)
  Grinder (D:3)
  7 hippogriffs
  A two-headed ogre (D:10)
  10 blink frogs
  A meliai zombie (D:11)
  Sigmund (D:3)
  4 fire elementals
  3 wyverns
  53 yaks
  A steam dragon (D:8)
  3 hungry ghosts (D:10)
  Grum (D:8)
  4 vampire mosquitoes (Lair:3)
  A mottled dragon (D:12)
  A soldier ant (D:12)
  18 water moccasins
  2 hell hounds (D:12)
  9 porcupines
  5 black bears
  8 orc warriors
  6 ice beasts
  A sky beast (D:6)
  2 phantoms
  2 ogres
  14 wolves
  10 centaurs
  3 crocodiles
  3 big kobolds
  13 bullfrogs
  A wyvern skeleton (D:10)
  5 killer bees (D:8)
  7 scorpions
  5 wights (D:12)
  3 electric eels
  A howler monkey (D:12)
  7 crimson imps
  A centaur zombie (D:11)
  A lava snake (Lair:2)
  3 quasits
  3 bullfrog zombies
  5 hounds
  8 orc priests
  2 bullfrog skeletons
  2 jellies
  21 orc wizards
  6 iguanas
  8 worker ants
  A bullfrog simulacrum (D:10)
  A hound zombie (D:7)
  A howler monkey zombie (D:7)
  15 adders
  3 gnolls (D:3)
  2 shadow imps
  17 white imps
  17 ufetubi
  5 worms
  6 dart slugs
  11 leopard geckos
  58 orcs
  7 bats
  7 giant cockroaches
  8 goblins
  7 hobgoblins
  19 jackals
  8 quokkas
  2 frilled lizards (D:2)
  A goblin skeleton (D:4)
  14 kobolds
  8 rats
556 creatures vanquished.

Vanquished Creatures (others)
  A reaper (IceCv)
  A white imp (IceCv)
  4 ufetubi (IceCv)
  A fungus (Lair:3)
7 creatures vanquished.

Grand Total: 563 creatures vanquished

Notes
Turn   | Place    | Note
-------+----------+-------------------------------------------
     0 | D:1      | Kloppie the Merfolk Berserker began the quest for the Orb.
     0 | D:1      | Reached XP level 1. HP: 18/18 MP: 1/1
   190 | D:1      | Reached XP level 2. HP: 24/24 MP: 2/2
   242 | D:1      | Reached skill level 5 in Polearms
   574 | D:1      | Reached ** piety under Trog
   574 | D:1      | Reached XP level 3. HP: 29/30 MP: 3/3
  1074 | D:2      | Reached skill level 6 in Polearms
  1126 | D:2      | Reached XP level 4. HP: 27/37 MP: 4/4
  1630 | D:3      | Reached *** piety under Trog
  1745 | D:3      | Noticed Sigmund
  1757 | D:3      | Killed Sigmund
  1757 | D:3      | Reached skill level 8 in Polearms
  1757 | D:3      | Reached XP level 5. HP: 17/42 MP: 5/5
  1757 | D:3      | Reached XP level 6. HP: 20/48 MP: 6/6
  2277 | D:3      | Noticed Grinder
  2286 | D:3      | Killed Grinder
  2286 | D:3      | Reached skill level 9 in Polearms
  2286 | D:3      | Reached skill level 5 in Dodging
  2286 | D:3      | Reached XP level 7. HP: 54/54 MP: 7/7
  2501 | D:4      | Found a radiant altar of Vehumet.
  2749 | D:4      | Found a runed door.
  2749 | D:4      | Noticed a human
  2750 | D:4      | Found a basalt altar of Yredelemnul.
  2795 | D:4      | Found a stormy altar of Qazlal.
  2826 | D:4      | Reached skill level 10 in Polearms
  3121 | D:4      | Found a deep blue altar of Sif Muna.
  3347 | D:5      | Entered Level 5 of the Dungeon
  3430 | D:5      | Reached XP level 8. HP: 60/60 MP: 6/8
  3435 | D:5      | Reached skill level 11 in Polearms
  3694 | D:5      | Found a burning altar of Makhleb.
  3698 | D:5      | Found an opulent altar of Gozag.
  3742 | D:5      | Found a glowing silver altar of Zin.
  3884 | D:5      | Found Ogeorievepp's Armour Boutique.
  3933 | D:5      | Found a glowing silver altar of Zin.
  4181 | D:5      | Found a blossoming altar of Fedhas.
  4250 | D:6      | Reached **** piety under Trog
  4250 | D:6      | Reached skill level 12 in Polearms
  4344 | D:6      | Reached skill level 13 in Polearms
  4460 | D:6      | Reached XP level 9. HP: 61/65 MP: 9/9
  4755 | D:6      | Found a blossoming altar of Fedhas.
  5310 | D:7      | Noticed Kloppie's ghost (novice MfBe)
  5332 | D:7      | Killed Kloppie's ghost
  5332 | D:7      | Reached skill level 14 in Polearms
  5575 | D:7      | Reached skill level 15 in Polearms
  5910 | D:7      | Found a staircase to the Ecumenical Temple.
  5910 | D:7      | Found Tatuoh's Gadget Shop.
  5917 | D:7      | Reached skill level 10 in Dodging
  5972 | D:7      | Reached XP level 10. HP: 44/72 MP: 5/10
  6296 | D:8      | Reached ***** piety under Trog
  6522 | D:8      | Reached skill level 5 in Fighting
  6730 | D:8      | Noticed a skeletal warrior
  6758 | D:8      | Killed a skeletal warrior
  6804 | D:8      | Noticed a skeletal warrior
  6807 | D:8      | Noticed a skeletal warrior
  6842 | D:8      | Killed a skeletal warrior
  7204 | D:8      | Killed a skeletal warrior
  7278 | D:8      | Noticed Grum
  7295 | D:8      | Killed Grum
  7637 | D:8      | Received a gift from Trog
  7638 | D:8      | Got a polished glaive {god gift}
  7677 | D:9      | Noticed Joseph
  8123 | D:9      | Killed Joseph
  8123 | D:9      | Reached XP level 11. HP: 86/86 MP: 11/11
  8225 | D:9      | Noticed a death yak
  8264 | D:8      | Killed a death yak
  8555 | D:9      | Found a staircase to the Lair.
  8635 | D:9      | Noticed Erolcha
  8655 | D:9      | Killed Erolcha
  8738 | D:9      | Noticed Psyche
  8750 | D:9      | Killed Psyche
  8798 | D:9      | Found a shattered altar of Ashenzari.
  9077 | D:10     | Entered Level 10 of the Dungeon
  9086 | D:10     | Identified the +10 glaive of the Endless March {flame, rPois rF+ MR++ Stlth+} (Trog gifted it to you on level 8 of the Dungeon)
  9092 | D:10     | Noticed Nergalle
  9100 | D:10     | Killed Nergalle
  9100 | D:10     | Reached skill level 16 in Polearms
  9204 | D:10     | Reached skill level 17 in Polearms
  9278 | D:10     | Noticed a hill giant
  9285 | D:10     | Killed a hill giant
  9285 | D:10     | Reached XP level 12. HP: 71/97 MP: 12/12
  9320 | D:10     | Reached skill level 18 in Polearms
 10298 | Lair:1   | Entered Level 1 of the Lair of Beasts
 10379 | Lair:1   | Reached skill level 19 in Polearms
 10457 | Lair:1   | Received a gift from Trog
 11016 | Lair:2   | Reached skill level 20 in Polearms
 11269 | Lair:2   | Gained mutation: You are frail. (-10% HP) [potion of mutation]
 11269 | Lair:2   | Gained mutation: You are clumsy. (Dex -2) [potion of mutation]
 11269 | Lair:2   | Lost mutation: You are clumsy. (Dex -2) [potion of mutation]
 11687 | Lair:3   | Reached skill level 10 in Fighting
 11717 | Lair:3   | Reached XP level 13. HP: 47/93 MP: 9/13
 12408 | Lair:3   | Found a staircase to the Swamp.
 12495 | Lair:3   | Found a hole to the Spider Nest.
 13271 | Lair:4   | Received a gift from Trog
 14406 | Lair:5   | Reached ****** piety under Trog
 14659 | Lair:5   | Reached skill level 15 in Dodging
 14871 | D:11     | Found a frozen archway.
 14883 | D:11     | Received a gift from Trog
 14895 | IceCv    | Entered an ice cave
 15203 | IceCv    | Killed a reaper
 15325 | IceCv    | Reached XP level 14. HP: 107/107 MP: 14/14
 15496 | IceCv    | Got a twitching pewter ring
 15786 | D:11     | Noticed Harold
 15800 | D:11     | Killed Harold
 16909 | D:12     | Received a gift from Trog
 16950 | D:12     | Found a staircase to the Orcish Mines.
 17013 | D:12     | Noticed Azrael
 17023 | D:12     | Killed Azrael
 17253 | D:12     | Identified the ring of Garagg {rPois MR+ Str+3 Int+2} (You found it in an ice cave)
 17332 | Orc:1    | Entered Level 1 of the Orcish Mines
 17345 | Orc:1    | Noticed Gastronok
 17372 | Orc:1    | Killed Gastronok
 17375 | Orc:1    | HP: 3/160 [red devil/trident[an orc high priest] (15)]
 17375 | Orc:1    | Slain by an orange demon

Skill      XL: |  1  2  3  4  5  6  7  8  9 10 11 12 13 14 |
---------------+-------------------------------------------+-----
Polearms       | 5 6 8 9 10 13 15 17 20 | 20.6
Fighting       | 4 8 9 10 13 | 13.7
Dodging        | 4 5 6 8 10 12 13 15 18 | 18.1
Armour         | |  1.3

Action                   |  1- 3 |  4- 6 |  7- 9 | 10-12 | 13-15 || total
-------------------------+-------+-------+-------+-------+-------++-------
Melee: Spear             |   146 |   150 |   573 |    82 |       ||   951
       Trident           |       |       |       |   364 |       ||   364
       Glaive            |       |       |       |   285 |   514 ||   799
Invok: Berserk           |       |     3 |     7 |    12 |     1 ||    23
       Trog's Hand       |       |     1 |     2 |     4 |     1 ||     8
  Use: Scroll            |       |       |    19 |     6 |     7 ||    32
       Potion            |       |       |     4 |     5 |     4 ||    13
 Stab: Sleeping          |     3 |     4 |     9 |     7 |    17 ||    40
       Distracted        |       |     1 |       |     1 |     2 ||     4
       Invisible         |       |       |       |     3 |       ||     3
  Eat: Chunk             |     1 |     6 |    13 |    21 |    13 ||    54
       Royal jelly       |       |       |     1 |     1 |       ||     2
       Meat ration       |       |       |     1 |     2 |     1 ||     4
Armor: Animal skin       |    11 |    15 |    20 |       |       ||    46
       Robe              |       |       |    26 |    31 |    16 ||    73
       Skin              |       |       |     6 |       |       ||     6
       Steam dragon scal |       |       |       |    47 |    40 ||    87
Dodge: Dodged            |    68 |    53 |   179 |   411 |   352 ||  1063
